 Dungeon Crawl Stone Soup version 0.30-a0-852-g08b95dd62f (webtiles) character file.

Game seed: 16340314457097039621

55 Darius099 the Shield-Bearer (level 3, 0/33 HPs)
             Began as a Minotaur Fighter on Mar 4, 2023.
             Succumbed to an adder's poison
             ... on level 2 of the Dungeon.
             The game lasted 00:01:28 (520 turns).

Darius099 the Shield-Bearer (Minotaur Fighter)       Turns: 520, Time: 00:01:28

Health: 0/33       AC:  8    Str: 22    XL:     3   Next: 67%
Magic:  2/2        EV:  9    Int:  5    God:
Gold:   26         SH:  4    Dex:  9    Spells: 2/2 levels left

rFire   . . .      SeeInvis .    a - +0 war axe
rCold   . . .      Faith    .    c - +0 buckler
rNeg    . . .      Spirit   .    b - +0 scale mail
rPois   .          Reflect  .    (helmet restricted)
rElec   .          Rampage  .    (no cloak)
rCorr   .                        h - +0 pair of gloves
Will    .....                    (no boots) Stlth
                                 (no amulet)
HPRegen 0.25/turn                (no ring)
MPRegen 0.08/turn                (no ring)

@: lethally poisoned (0 -> -1)
A: horns 2, retaliatory headbutt
a: no special abilities


You were on level 2 of the Dungeon.
You visited 1 branch of the dungeon, and saw 2 of its levels.

You collected 26 gold pieces.

Inventory:

Hand Weapons
 a - a +0 war axe (weapon)
Armour
 b - a +0 scale mail (worn)
 c - a +0 buckler (worn)
 h - a +0 pair of gloves (worn)
Scrolls
 e - a scroll of teleportation {unknown}
 f - a scroll of enchant weapon {unknown}
 g - a scroll of immolation {unknown}
 i - a scroll of magic mapping {unknown}
 j - a scroll of enchant armour {unknown}
Potions
 d - a potion of might


   Skills:
 + Level 4.2 Fighting
 + Level 3.2 Axes
 + Level 4.2 Armour
 + Level 4.2 Shields


You had 2 spell levels left.
You didn't know any spells.
Your spell library was empty.

Dungeon Overview and Level Annotations

Branches:
Dungeon (2/15)

Altars:


Innate Abilities, Weirdness & Mutations

You have a pair of horns on your head.
You reflexively headbutt those who attack you in melee.


Message History

You kill the kobold!
An adder comes into view.
Things that are here:
a +0 whip; a kobold corpse The adder hisses angrily.
You slash the dart slug!
You kill the dart slug!
You block the adder's attack. The adder attacks as you move away!
The adder bites you but does no damage.
You see here a dart slug corpse.
You barely miss the adder. You block the adder's attack. x2
You hit the adder.
The adder is moderately wounded.
The adder bites you.
* * * LOW HITPOINT WARNING * * *
The adder bites you.
* * * LOW HITPOINT WARNING * * *
You are lethally poisoned!
The adder poisons you!
You slash the adder!
You kill the adder!
* * * LOW HITPOINT WARNING * * *
You feel very sick.
A worm comes into view.
* * * LOW HITPOINT WARNING * * *
You feel sick.
Things that are here:
a +0 whip; a kobold corpse
* * * LOW HITPOINT WARNING * * *
You feel sick.
There is a stone staircase leading up here.
Okay, then.
There is a lethal amount of poison in your body!
Found an escape hatch in the floor.
* * * LOW HITPOINT WARNING * * *
You feel sick.
A nearby fungus withers and dies.
* * * LOW HITPOINT WARNING * * *
You feel sick.
You barely miss the worm.
You die...

................
..........>....!
...#.....)......
.).....))......
##.....†#....##
##..##)###....
##..#<.....##
#..####..#
##@........
#.w.>.....
#..........
#..........
...........
#..P♣♣♣.....
#... ♣.... #.P.
....


You could see a worm.

Vanquished Creatures
  3 gnolls (D:2)
  An adder (D:2)
  A dart slug (D:2)
  A ball python (D:1)
  4 bats (D:1)
  A giant cockroach (D:1)
  A goblin (D:1)
  2 hobgoblins (D:1)
  3 kobolds
17 creatures vanquished.

Vanquished Creatures (others)
  3 fungi (D:2)
  A plant (D:2)
4 creatures vanquished.

Grand Total: 21 creatures vanquished

Notes
Turn   | Place    | Note
-------+----------+-------------------------------------------
     0 | D:1      | Darius099 the Minotaur Fighter began the quest for the Orb.
     0 | D:1      | Reached XP level 1. HP: 19/19 MP: 0/0
   247 | D:1      | Reached XP level 2. HP: 23/27 MP: 1/1
   502 | D:2      | Reached XP level 3. HP: 12/33 MP: 2/2
   519 | D:2      | HP: 1/33 [poisoned by an adder]
   520 | D:2      | Succumbed to an adder's poison

Illustrated notes

Levels and vault maps discovered:
D:1:      amcnicky_arrival_double_pillar, layout_rooms, minmay_misc_feat_iff,
          minmay_tetromino_i4
D:2:      layout_rooms, dreamdust_ecumenical_altar_grove,
          uniq_crazy_yiuf_cottage, uniq_natasha

Skill      XL: |  1  2 |
---------------+-------+-----
Fighting       | 4 |  4.2
Armour         | 4 |  4.2
Shields        | 4 |  4.2
Axes           | 3 |  3.2

Action                     || total
---------------------------++-------
  Melee: War axe           ||    38
         Headbutt          ||     4
 Armour: Scale mail        ||    18
  Dodge: Dodged            ||    25
  Block: Buckler           ||    13

Table legend: (Time is in decaauts)
 A = Elapsed time spent in this place.
 B = Non-inter-level travel time spent in this place.
 C = Inter-level travel time spent in this place.
 D = Time resting spent in this place.
 E = Time spent auto-exploring this place.
 F = Levels seen in this place.
 G = Mean time per level.
                   A        B        C        D        E       F      G
               +--------+--------+--------+--------+--------+-----+--------+
         Total |    534 |    499 |     35 |      0 |    382 |   2 |  267.0 |
       Dungeon |    534 |    499 |     35 |      0 |    382 |   2 |  267.0 |
               +--------+--------+--------+--------+--------+-----+--------+

Top non-repeatable levels by time:
     D:1: 505 daAuts
     D:2: 28 daAuts
